 Dungeon Sprint DCSS version 0.27-a0-1202-ge72e49191c (webtiles) character file.

Game seed: 15412270190831936884

702 mhtbhm the Geomancer (level 7, -6/36 HPs)
             Began as a Deep Elf Earth Elementalist on June 3, 2021.
             Was a Follower of Vehumet.
             Mangled by a two-headed ogre
             ... wielding a +0 giant club
              (20 damage)
             ... in the Dungeon (Sprint IX: "|||||||||||||||||||||||||||||").
             The game lasted 00:01:16 (386 turns).

mhtbhm the Geomancer (Deep Elf Earth Elementalist)   Turns: 386, Time: 00:01:17

Health: -6/36      AC:  4    Str:  8    XL:     7   Next: 38%
Magic:  2/24       EV: 15    Int: 25    God:    Vehumet [*.....]
Gold:   0          SH:  0    Dex: 15    Spells: 15/30 levels left

rFire    . . .     SeeInvis .   l - +2 halberd (protect)
rCold    . . .     Faith    .   (shield currently unavailable)
rNeg     . . .     Spirit   .   c - +0 robe
rPois    .         Reflect  .   (no helmet)
rElec    .         Harm     .   (no cloak)
rCorr    .         Rampage  .   m - +0 pair of gloves
Will     .....     NoTele   +   n - +0 pair of boots
Stlth    +++.......             (no amulet)
HPRegen  0.12/turn              p - +3 ring of strength
MPRegen  0.19/turn              o - +3 ring of intelligence

@: slowed, very slow
A: no striking features
a: Renounce Religion


You were in the Dungeon.
You worshipped Vehumet.
Vehumet was aware of your devotion.
You visited 1 branch

Inventory:

Hand Weapons
 l - a +2 halberd of protection (weapon)
Missiles
 b - 15 stones
Armour
 c - a +0 robe (worn)
 m - a +0 pair of gloves (worn)
 n - a +0 pair of boots (worn)
Jewellery
 o - a +3 ring of intelligence (right hand)
 p - a +3 ring of strength (left hand)
Wands
 k - a wand of acid (10)
Scrolls
 i - 2 scrolls of blinking
 j - 2 scrolls of amnesia
Potions
 a - a potion of invisibility
 d - a potion of curing
 e - 2 potions of heal wounds
 f - a potion of haste
 g - 3 potions of magic
 h - a potion of berserk rage


   Skills:
 + Level 6.8 Dodging
 + Level 6.0 Stealth
 + Level 12.0 Spellcasting
 + Level 1.5 Transmutations
 + Level 12.6 Earth Magic


You had 15 spell levels left.
You knew the following spells:

 Your Spells              Type           Power      Damage    Failure   Level
a - Sandblast             Erth           100%       2d20      1%          1
b - Passwall              Tmut/Erth      41%        N/A       1%          2
c - Stone Arrow           Conj/Erth      92%        3d12      1%          3
d - Lee's Rapid Deconstr  Erth           33%        3d18*     1%          5
e - Petrify               Tmut/Erth      50%        N/A       2%          4

Your spell library contained the following spells:

 Spells                   Type           Power      Damage    Failure   Level
 Magic Dart               Conj           60%        1d6       4%          1


Dungeon Overview and Level Annotations

Branches:
Dungeon (1/1)

Altars:
Cheibriados
Dithmenos
Elyvilon
Fedhas
Gozag
Hepliaklqana
Kikubaaqudgha
Makhleb
Nemelex Xobeh
Okawaru
Qazlal
Ru
Sif Muna
Trog
Uskayaw
Vehumet
Wu Jian
Xom
Yredelemnul
Zin
The Shining One
Beogh
Jiyva
Lugonu


Message History

The curare-tipped dart hits you.
You are lethally poisoned!
You have difficulty breathing.
* * * LOW HITPOINT WARNING * * *
You feel as though you will be slow longer.
You feel better.
There is a glowing silver altar of Zin here.
Unknown command.
Press < or > to pray at altars.
Casting: Lee's Rapid Deconstruction (dangerous; 1% risk of failure)
Confirm with . or Enter, or press ? or * to list all spells.
Aiming: Lee's Rapid Deconstruction (dangerous; 1% risk of failure)
Press: ? - help, Dir - move target, f - two-headed ogre, p - kobold brigand Fragment what (e.g. wall or brittle monster)?: a two-headed ogre, wielding two +0 giant clubs An open door.
The stone door frame shatters!
The blast of rock fragments hits the two-headed ogre!!
The two-headed ogre is moderately wounded.
The blast of rock fragments hits the kobold brigand!!
You kill the kobold brigand!
Vehumet accepts your kill.
Your Stealth skill increases to level 6!
Your Spellcasting skill increases to level 12!
Unknown command.
Press < or > to pray at altars.
Unknown command.
Press < or > to pray at altars.
Unknown command.
Press < or > to pray at altars.
Casting: Lee's Rapid Deconstruction (dangerous; 1% risk of failure)
Confirm with . or Enter, or press ? or * to list all spells.
Aiming: Sandblast (safe; 1% risk of failure)
Press: ? - help, Shift-Dir - straight line, f/p - two-headed ogre
Aim: a two-headed ogre, wielding two +0 giant clubs (moderately wounded, 92% to hit)
The blast of sand hits the two-headed ogre!!
The two-headed ogre is almost dead.
The two-headed ogre misses you.
The two-headed ogre hits you with a +0 giant club!!
Ouch! That really hurt!
You die...

▓_▓
▓_▓
▓_▓
▓_▓
▓_▓
▓_▓
▓_▓
▓_▓
▓@▓
▓O▓
▓g▓
▓.▓
▓.▓
▓)▓
▓.▓
▓.▓
▓.▓


You could see a two-headed ogre and a gnoll shaman.

Vanquished Creatures
  A gargoyle (D)
  A yak (D)
  An ogre (D)
  A phantom (D)
  A kobold brigand (D)
  A jelly (D)
  An orc priest (D)
  A bat skeleton (D)
  An endoplasm (D)
  A goblin (D)
  A hobgoblin (D)
  A jackal zombie (D)
  A kobold (D)
  A rat (D)
14 creatures vanquished.

Notes
Turn   | Place    | Note
-------+----------+-------------------------------------------
     0 | D        | mhtbhm the Deep Elf Earth Elementalist began the quest for
                  | the Orb.
     0 | D        | Reached XP level 1. HP: 10/10 MP: 6/6
   161 | D        | Noticed a phantom
   161 | D        | Noticed an orc priest
   161 | D        | Noticed a jelly
   161 | D        | Noticed an ogre
   166 | D        | Killed a phantom
   167 | D        | Reached skill level 5 in Spellcasting
   167 | D        | Reached XP level 2. HP: 12/15 MP: 1/10
   167 | D        | Reached XP level 3. HP: 15/19 MP: 1/12
   167 | D        | Reached XP level 4. HP: 19/24 MP: 1/13
   173 | D        | Killed an ogre
   174 | D        | Reached skill level 5 in Dodging
   174 | D        | Reached XP level 5. HP: 18/28 MP: 12/18
   286 | D        | Learned a level 2 spell: Passwall
   290 | D        | Learned a level 3 spell: Stone Arrow
   296 | D        | Learned a level 5 spell: Lee's Rapid Deconstruction
   301 | D        | Learned a level 4 spell: Petrify
   305 | D        | Found a snail-covered altar of Cheibriados.
   305 | D        | Found a shadowy altar of Dithmenos.
   305 | D        | Found a white marble altar of Elyvilon.
   305 | D        | Found a blossoming altar of Fedhas.
   305 | D        | Found an opulent altar of Gozag.
   306 | D        | Found a hazy altar of Hepliaklqana.
   307 | D        | Found a viscous altar of Jiyva.
   308 | D        | Found an ancient bone altar of Kikubaaqudgha.
   309 | D        | Found a corrupted altar of Lugonu.
   310 | D        | Found a burning altar of Makhleb.
   311 | D        | Found a sparkling altar of Nemelex Xobeh.
   312 | D        | Found an iron altar of Okawaru.
   313 | D        | Found a stormy altar of Qazlal.
   314 | D        | Found a sacrificial altar of Ru.
   315 | D        | Found a shimmering blue altar of Sif Muna.
   316 | D        | Found a bloodstained altar of Trog.
   317 | D        | Found a hide-covered altar of Uskayaw.
   318 | D        | Found a radiant altar of Vehumet.
   319 | D        | Found an ornate altar of the Wu Jian Council.
   320 | D        | Found a shimmering altar of Xom.
   321 | D        | Found a basalt altar of Yredelemnul.
   322 | D        | Found a glowing silver altar of Zin.
   323 | D        | Found a glowing golden altar of the Shining One.
   326 | D        | Became a worshipper of Vehumet
   364 | D        | Noticed a yak
   364 | D        | Noticed a gargoyle
   364 | D        | Noticed a two-headed ogre
   367 | D        | Killed a gargoyle
   368 | D        | Reached skill level 5 in Stealth
   368 | D        | Reached XP level 6. HP: 32/32 MP: 8/22
   368 | D        | Killed a yak
   368 | D        | Reached * piety under Vehumet
   368 | D        | Offered knowledge of Magic Dart by Vehumet.
   369 | D        | Reached XP level 7. HP: 36/36 MP: 3/24
   386 | D        | Mangled by a two-headed ogre

Illustrated notes

Levels and vault maps discovered:
D:        linesprint [early_d, line_temple, items_1, d_10, items_2, lair_1,
          lair_end, items_3, orc_1, orc_end, items_4, d_15, swamp_1, shoals_1,
          snake_1, spider_1, d_20, vaults_1, items_5, swamp_end, shoals_end,
          snake_end, spider_end, vaults_end, d_27, items_6, zot_1, zot_end,
          crypt_end, forest_end, elf_end, slime_end, tomb_end, abyss_end,
          pan_hell_end]

Skill      XL: |  1  2  3  4  5  6  7 |
---------------+----------------------+-----
Dodging        | 4 5 6 |  6.8
Earth Magic    | 7 9 11 12 | 12.6
Stealth        | 3 4 5 6 |  6.0
Spellcasting   | 5 8 11 12 | 12.0
Transmutations | |  1.5

Action                   |  1- 3 |  4- 6 |  7- 9 || total
-------------------------+-------+-------+-------++-------
 Cast: Sandblast         |    10 |     5 |     1 ||    16
       Lee's Rapid Decon |       |     3 |     1 ||     4
  Use: Potion            |       |     2 |     4 ||     6
Dodge: Dodged            |     1 |     5 |     4 ||    10

Table legend: (Time is in decaauts)
 A = Elapsed time spent in this place.
 B = Non-inter-level travel time spent in this place.
 C = Inter-level travel time spent in this place.
 D = Time resting spent in this place.
 E = Time spent auto-exploring this place.
 F = Levels seen in this place.
 G = Mean time per level.
                   A        B        C        D        E       F      G
               +--------+--------+--------+--------+--------+-----+--------+
         Total |    391 |    391 |      0 |    250 |      9 |   1 |  391.0 |
       Dungeon |    391 |    391 |      0 |    250 |      9 |   1 |  391.0 |
               +--------+--------+--------+--------+--------+-----+--------+

Top non-repeatable levels by time:
       D: 391 daAuts
